 Dungeon Crawl Stone Soup version 0.22-a0-467-g5c5de1cb09 (webtiles) character file.

4910 Ireaine the Cleaver (level 10, 91/91 HPs)
             Began as a Minotaur Berserker on June 10, 2018.
             Was an Elder of Trog.
             Quit the game on level 8 of the Dungeon on June 18, 2018.
             The game lasted 00:20:33 (6772 turns).

Ireaine the Cleaver (Minotaur Berserker)            Turns: 6772, Time: 00:20:33

Health: 91/91      AC: 18    Str: 22    XL:     10   Next: 27%
Magic:  9/9        EV: 10    Int:  6    God:    Trog [****..]
Gold:   40         SH:  0    Dex: 13    Spells: 9/9 levels left

rFire    . . .     SeeInvis .   k - +2 battleaxe
rCold    . . .     Gourm    .   (shield currently unavailable)
rNeg     . . .     Faith    .   s - +0 plate armour
rPois    .         Spirit   .   p - +1 hat {MR+}
rElec    .         Reflect  .   a - +0 cloak
rCorr    .         Harm     .   (no gloves)
MR       ++...                  e - +1 pair of boots {Fly}
Stlth    ..........             l - amulet of regeneration
HPRegen  0.65/turn              b - ring of protection from magic
MPRegen  0.11/turn              n - +2 ring of intelligence

@: flying
A: retaliatory headbutt, horns 2
a: Berserk, Trog's Hand, Brothers in Arms, Renounce Religion, Stop Flying


You were on level 8 of the Dungeon.
You worshipped Trog.
Trog was greatly pleased with you.
You were very hungry.

You visited 2 branches of the dungeon, and saw 9 of its levels.

You collected 488 gold pieces.
You spent 448 gold pieces at shops.

Inventory:

Hand Weapons
 k - a +2 battleaxe (weapon)
Armour
 a - a +0 cloak (worn)
 e - a +1 pair of boots of flying (worn)
 p - a +1 hat of magic resistance (worn)
 s - a +0 plate armour (worn)
Jewellery
 b - a ring of protection from magic (left hand)
 l - an amulet of regeneration (around neck)
 n - a +2 ring of intelligence (right hand)
Wands
 q - a wand of paralysis (10)
 r - a wand of acid (8)
 t - a wand of clouds (4)
Scrolls
 d - 6 scrolls of remove curse
 j - 4 scrolls of teleportation
 v - a scroll of identify
Potions
 f - a potion of flight
 g - 2 potions of heal wounds
 h - a potion of might
 i - 3 potions of curing
 m - a potion of brilliance {unknown}
 o - a potion of haste {unknown}
 u - a potion of degeneration {unknown}
Comestibles
 c - 6 rations


   Skills:
 + Level 9.0 Fighting
 * Level 11.8 Axes
 + Level 8.5 Armour
 + Level 7.8 Dodging


You had 9 spell levels left.
You didn't know any spells.
Your spell library was empty.

Dungeon Overview and Level Annotations

Branches:
Dungeon (8/15)             Temple (1/1) D:6
   Lair: D:8-11

Altars:
Ashenzari
Cheibriados
Dithmenos
Elyvilon
Fedhas
Gozag
Hepliaklqana
Kikubaaqudgha
Makhleb
Nemelex Xobeh
Okawaru
Qazlal
Ru
Sif Muna
Trog
Uskayaw
Vehumet
Wu Jian
Xom
Yredelemnul
Zin
The Shining One

Shops:
D:6 *   D:8 (


Innate Abilities, Weirdness & Mutations

You reflexively headbutt those who attack you in melee.
You have a pair of horns on your head.


Message History

HP restored.
You start waiting.
You feel sick.
HP restored.
You start waiting.
You feel sick.
HP restored.
You start waiting.
You feel sick.
HP restored.
You start waiting.
You feel sick.
You are no longer poisoned.
You start resting.
HP restored.
You start waiting.
You are feeling very hungry.
Saving game... please wait.
Welcome back, Ireaine the Minotaur Berserker.
Trog says: Kill them all!
Press ? for a list of commands and other information.
Are you sure you want to abandon this character and quit the game? (Confirm with "yes".)

#.......##.##..........
#.....#..#...........
.#.#.....#.##...........
....[..................#
.....#.#####..........#
.... #...# #......>....
....#####.####........†.
......†.#.##..........##
#@..(.............
##..<..........###
##...##.#........
................
.......###....##
.##....###..#..# ..
..........#..#
#####........ #.....#..


There were no monsters in sight!

Vanquished Creatures
  Gastronok (D:8)
  A two-headed ogre (D:8)
  The ghost of htuhola the Firebug, a novice DEFE (D:4)
  Prince Ribbit (D:6)
  Eustachio (D:6)
  Edmund (D:6)
  An orc warrior (D:7)
  3 ogres
  A centaur (D:6)
  A bullfrog (D:6)
  4 killer bees (D:7)
  5 wights (D:6)
  2 crimson imps (D:5)
  A jelly (D:8)
  An orc priest (D:3)
  3 orc wizards
  2 bullfrog skeletons
  A gnoll shaman (D:7)
  4 hounds
  A centaur skeleton (D:6)
  Jessica (D:2)
  2 iguanas
  Ijyb (D:5)
  Natasha (thrice) (D:2)
  5 worker ants
  A hound zombie (D:7)
  3 hound skeletons
  2 worker ant zombies
  Robin (D:2)
  11 gnolls
  8 adders
  2 oozes
  3 worms
  A dart slug (D:1)
  3 leopard geckos
  17 orcs
  3 bats
  3 giant cockroaches
  17 goblins
  9 hobgoblins
  3 ball pythons
  6 frilled lizards
  9 kobolds
  A quokka skeleton (D:7)
  A quokka zombie (D:6)
  11 rats
163 creatures vanquished.

Notes
Turn   | Place    | Note
-------+----------+-------------------------------------------
     0 | D:1      | Ireaine the Minotaur Berserker began the quest for the Orb.
     0 | D:1      | Reached XP level 1. HP: 19/19 MP: 0/0
   156 | D:1      | Reached skill level 4 in Axes
   156 | D:1      | Reached XP level 2. HP: 26/27 MP: 1/1
   166 | D:2      | Noticed Jessica
  1323 | D:2      | Reached ** piety under Trog
  1323 | D:2      | Reached XP level 3. HP: 33/33 MP: 2/2
  1404 | D:2      | Noticed Natasha
  1409 | D:2      | Killed Natasha
  1519 | D:2      | Reached XP level 4. HP: 38/40 MP: 3/3
  1530 | D:2      | Killed Jessica
  1641 | D:2      | Noticed Natasha
  1649 | D:2      | Killed Natasha
  1649 | D:2      | Reached skill level 5 in Axes
  1851 | D:2      | Noticed Robin
  1864 | D:2      | Reached XP level 5. HP: 47/47 MP: 4/4
  1878 | D:2      | Killed Robin
  2173 | D:2      | Noticed Natasha
  2182 | D:2      | Killed Natasha
  2494 | D:3      | Found a bloodstained altar of Trog.
  2771 | D:3      | Found a basalt altar of Yredelemnul.
  2772 | D:3      | Found an ancient bone altar of Kikubaaqudgha.
  2773 | D:3      | Found a sparkling altar of Nemelex Xobeh.
  2773 | D:3      | Found an opulent altar of Gozag.
  2904 | D:3      | Reached *** piety under Trog
  2904 | D:3      | Reached XP level 6. HP: 55/55 MP: 5/5
  3121 | D:4      | Noticed htuhola's ghost (novice DEFE)
  3127 | D:4      | Reached skill level 6 in Axes
  3138 | D:4      | Killed htuhola's ghost
  3138 | D:4      | Reached skill level 5 in Fighting
  3138 | D:4      | Reached XP level 7. HP: 33/61 MP: 6/6
  3439 | D:4      | You fall through a shaft!
  3439 | D:5      | Entered Level 5 of the Dungeon
  3504 | D:5      | Found a shadowy altar of Dithmenos.
  3665 | D:4      | Reached skill level 7 in Axes
  3922 | D:4      | Reached skill level 5 in Armour
  4007 | D:5      | Noticed Ijyb
  4012 | D:5      | Killed Ijyb
  4427 | D:5      | Reached XP level 8. HP: 70/70 MP: 7/7
  4487 | D:5      | Reached skill level 5 in Dodging
  4537 | D:5      | Reached skill level 8 in Axes
  4895 | D:6      | Noticed Prince Ribbit
  4935 | D:6      | Killed Prince Ribbit
  5069 | D:6      | Found a shattered altar of Ashenzari.
  5074 | D:6      | Noticed Edmund
  5088 | D:6      | Killed Edmund
  5088 | D:6      | Reached skill level 9 in Axes
  5098 | D:6      | Found a glowing golden altar of the Shining One.
  5206 | D:6      | Found an iron altar of Okawaru.
  5232 | D:6      | Reached **** piety under Trog
  5343 | D:6      | Found Fitzikhi's Assorted Antiques.
  5357 | D:6      | Bought a pair of runed boots for 240 gold pieces
  5357 | D:6      | Bought a battleaxe for 208 gold pieces
  5398 | D:6      | Found a staircase to the Ecumenical Temple.
  5428 | D:6      | Noticed Eustachio
  5459 | Temple   | Entered the Ecumenical Temple
  5468 | D:6      | Killed Eustachio
  5468 | D:6      | Reached XP level 9. HP: 79/79 MP: 8/8
  5997 | D:7      | Reached skill level 10 in Axes
  6221 | D:7      | Found a glowing golden altar of the Shining One.
  6390 | D:7      | Found a sacrificial altar of Ru.
  6455 | D:8      | Found Hoirch's Weapon Emporium.
  6468 | D:8      | Noticed a two-headed ogre
  6476 | D:8      | Killed a two-headed ogre
  6585 | D:8      | Noticed Gastronok
  6607 | D:8      | Killed Gastronok
  6607 | D:8      | Reached skill level 11 in Axes
  6607 | D:8      | Reached XP level 10. HP: 45/90 MP: 9/9
  6772 | D:8      | Quit the game

Vault maps used:
D:1:      dpeg_arrival_solitude
D:2:      first_ration, grunt_decor_clamped, uniq_jessica, uniq_robin,
          uniq_natasha
D:3:      bloody_trog, chequers_temple_overflow_statue_of_worship
D:4:      supply_closet_lemuel
D:5:      nicolae_dithmenos_the_darkroom, uniq_ijyb
D:6:      okawaru_gym_becter, cheibrodos_ashenzari_chains,
          minmay_temple_entry_enclosed_plants, basic_altar, serial_shops,
          shop_coins, uniq_edmund, uniq_prince_ribbit1, uniq_eustachio
D:7:      marbit_many_paths, tso_metal_star
D:8:      serial_shops, shop, onia_ninara_dug_in_and_dangerous, uniq_gastronok,
          uniq_pikel, uniq_joseph
Temple:   nicolae_temple_no_exploring_needed

Skill      XL: |  1  2  3  4  5  6  7  8  9 10 |
---------------+-------------------------------+-----
Axes           | 4 5 6 7 9 11 | 11.8
Fighting       | 4 5 6 7 8 9 |  9.0
Armour         | 3 4 5 6 8 |  8.5
Dodging        | 3 4 6 7 |  7.8

Action                   |  1- 3 |  4- 6 |  7- 9 | 10-12 || total
-------------------------+-------+-------+-------+-------++-------
Melee: Hand axe          |    78 |    50 |       |       ||   128
       Headbutt          |    11 |    14 |    54 |     1 ||    80
       War axe           |       |    35 |   148 |       ||   183
       Battleaxe         |       |       |    88 |     7 ||    95
Invok: Berserk           |       |     5 |     6 |       ||    11
       Trog's Hand       |       |     5 |     4 |       ||     9
  Use: Scroll            |     4 |     3 |    10 |       ||    17
 Stab: Sleeping          |       |     1 |       |       ||     1
  Eat: Chunk             |     1 |     2 |     3 |       ||     6
       Ration            |       |     3 |     4 |       ||     7
Armor: Leather armour    |    17 |    11 |       |       ||    28
       Chain mail        |       |    18 |    93 |       ||   111
       Ring mail         |       |     1 |       |       ||     1
       Plate armour      |       |       |    34 |     5 ||    39
Dodge: Dodged            |    38 |    43 |   138 |       ||   219

Table legend:
 A = Spawn XP
 B = Non-spawn XP
 C = Spawn XP percentage of total XP
 D = Spawn monster count
 E = Non-spawn monster count
 F = Spawn count percentage of total count
 G = Total turns spent on level
                    A         B        C        D         E        F      G
               +---------+---------+-------+---------+---------+-------+---------
         Total |       0 |    7015 |   0.0 |       0 |     163 |   0.0 |  6772
               +---------+---------+-------+---------+---------+-------+---------
           D:1 |       0 |      36 |   0.0 |       0 |      24 |   0.0 |  1264
           D:2 |       0 |     229 |   0.0 |       0 |      36 |   0.0 |  1074
           D:3 |       0 |     135 |   0.0 |       0 |      17 |   0.0 |   780
           D:4 |       0 |     593 |   0.0 |       0 |      19 |   0.0 |   768
           D:5 |       0 |     590 |   0.0 |       0 |      16 |   0.0 |  1009
           D:6 |       0 |    1488 |   0.0 |       0 |      23 |   0.0 |   920
           D:7 |       0 |     649 |   0.0 |       0 |      22 |   0.0 |   619
           D:8 |       0 |    3295 |   0.0 |       0 |       6 |   0.0 |   336
               +---------+---------+-------+---------+---------+-------+---------
